[Event "Early-Titled-Tuesday-Blitz-January-23-2024"]
[Site "Chess.com"]
[Date "2024.01.23"]
[Round "11"]
[White "Licancabur"]
[Black "Logman74"]
[Result "0-1"]
[WhiteElo "2454"]
[BlackElo "2482"]
[TimeControl "180+1"]
[EndTime "10:08:00 PST"]
[Termination "Logman74 won on time"]

1. d4 Nf6 2. Bg5 e6 3. e4 h6 4. Bxf6 Qxf6 5. c3 b6 6. Bd3 Bb7 7. Nd2 d6 8. Ne2 e5 9. O-O Qd8 10. f4 Nd7 11. Bc4 exd4 12. Nxd4 Nc5 13. Bb5+ Nd7 14.
Nc6 Qf6 15. e5 dxe5 16. Nxe5 Bc5+ 17. Kh1 O-O-O 18. Bxd7+ Rxd7 19. Nxd7 Qc6 20. Nf3 Rd8 21. Nde5 Rxd1 22. Nxc6 Rxf1+ 23. Rxf1 Bxc6 24. Ne5 Bb5 25. c4 Be8 26. Re1 Kd8 27. a3 f6 28. Nd3 Bd6 29. b4 Bg6 30. Rd1 Kc8 31. g3 Kb7 32. c5 bxc5 33. Nxc5+ Kc6 34. Nd3 Kb5 35. Kg1 Ka4 36.
Kf2 Kxa3 37. b5 Ka4 38. Ke3 Kxb5 39. Rb1+ Kc6 40. Rc1+ Kb6 41. Rb1+ Kc6 42. Rc1+ Kd5 43. Ra1 c5 44. Rxa7 c4 0-1

[Event "Early-Titled-Tuesday-Blitz-January-23-2024"]
[Site "Chess.com"]
[Date "2024.01.23"]
[Round "11"]
[White "WiktoriaPOL"]
[Black "Chernov_Mikhail"]
[Result "1-0"]
[WhiteElo "2270"]
[BlackElo "2297"]
[TimeControl "180+1"]
[EndTime "10:08:00 PST"]
[Termination "WiktoriaPOL won by checkmate"]

1. c4 Nf6 2. Nc3 e6 3. e4 d5 4. e5 Nfd7 5. d4 c5 6. cxd5 cxd4 7. Qxd4 Bc5 8. Qg4 Qb6 9. Nh3 g6 10. dxe6 fxe6 11. Bb5 a6 12. Ba4 O-O 13. O-O Nxe5 14. Qe4 Nbc6 15. Bh6 Re8 16. Bg5 Qxb2 17. Bxc6 Nxc6 18.
Nd5 Bd7 19. Nf6+ Kg7 20. Nxd7 Bd4 21. Rab1 Qxa2 22. Rxb7 Kg8 23. Qxc6 Qd5 24. Qxd5 exd5 25. Nf6+ Bxf6 26. Bxf6 Re6 27. Bd4 Rae8 28. Ng5 R6e7 29. Rxe7 Rxe7 30. Ra1 a5 31. h3 h6 32. Nf3 g5 33.
Rxa5 Rd7 34. Ne5 Rd6 35. Ra8+ Kh7 36. Nf7 Rc6 37. Rh8+ Kg6 38. Ne5+ Kg7 39. Nxc6+ Kf7 40. Rxh6 g4 41. Ne5+ Ke7 42. Bc5+ Ke8 43. Rh7 g3 44.
Re7+ Kd8 45. Nc6+ Kc8 46. Bd6 gxf2+ 47. Kxf2 d4 48. Rc7# 1-0

[Event "Early-Titled-Tuesday-Blitz-January-23-2024"]
[Site "Chess.com"]
[Date "2024.01.23"]
[Round "11"]
[White "Harry_Rakkel"]
[Black "MatthewG-p4p"]
[Result "1-0"]
[WhiteElo "2690"]
[BlackElo "2872"]
[TimeControl "180+1"]
[EndTime "10:08:01 PST"]
[Termination "Harry_Rakkel won by resignation"]

1. e4 e6 2. d3 d5 3. Nd2 Nf6 4. Ngf3 c5 5. g3 Nc6 6. Bg2 Be7 7. O-O O-O 8. Re1 b5 9. e5 Nd7 10. Nf1 Qc7 11. Bf4 Bb7 12. h4 Rfc8 13. h5 h6 14. N1h2 a5 15. Qd2 Bf8 16. g4 a4 17. Kh1 a3 18. b3 d4 19. Re2 Nb4 20. g5 hxg5 21.
Bxg5 c4 22. bxc4 bxc4 23. h6 cxd3 24. cxd3 Qc3 25. Rb1 Qxd2 26. Bxd2 Rc2 27. hxg7 Be7 28. Bxb4 Rxe2 29. Bxe7 Rb2 30. Rg1 Rxf2 31. Bf6 Nxf6 32. exf6 Ra5 33. Rb1 Rb2 34. Rc1 Rh5 35. Ne1 Ba6 36. Rc6 Bb7 37. Rc7 Bxg2+ 38. Nxg2 Rb1+ 39. Ne1 Rxe1+ 40. Kg2 Rg5+ 41. Kf2 Ree5 42. Rc8+ Kh7 43. Rh8+ Kg6 44. g8=Q+ Kxf6 45. Qd8+ Kg7 46. Nf3 Ref5 47. Rg8+ 1-0

[Event "Early-Titled-Tuesday-Blitz-January-23-2024"]
[Site "Chess.com"]
[Date "2024.01.23"]
[Round "11"]
[White "GMWSO"]
[Black "Sina_Movahed"]
[Result "1-0"]
[WhiteElo "3119"]
[BlackElo "2988"]
[TimeControl "180+1"]
[EndTime "10:08:03 PST"]
[Termination "GMWSO won on time"]

1. d4 Nf6 2. c4 g6 3. Nc3 Bg7 4.
e4 d6 5. Nge2 O-O 6. Be3 Nc6 7.
f3 a6 8. Qd2 Na5 9. Nc1 Nd7 10.
b4 Nc6 11. Rb1 e5 12. d5 Nd4 13. Nb3 Nxb3 14. axb3 f5 15. Be2 Nf6 16. O-O f4 17. Bf2 g5 18. c5 g4 19. Bh4 Qe8 20. Bxf6 Bxf6 21. fxg4 Qg6 22. h3 Be7 23. c6 Rb8 24. Ra1 Kg7 25. Bf3 bxc6 26. dxc6 Rxb4 27. Nd5 Rd4 28.
Qc3 Bd8 29. Rfd1 Rxd1+ 30. Rxd1 Be6 31. Qa5 Qf7 32. Qxa6 Bh4 33. b4 Bxd5 34. Rxd5 Rb8 35. Qa4 Qe8 36. Kf1 Rb6 37. b5 Rb8 38. Rd1 Ra8 39.
Qc4 Qb8 40. Kg1 Bg3 41. Kh1 Qg8 42. Qxg8+ Kxg8 43. b6 cxb6 44. c7 Rc8 45. Rc1 Bf2 46. Rc6 Kf8 47. g5 1-0

[Event "Early-Titled-Tuesday-Blitz-January-23-2024"]
[Site "Chess.com"]
[Date "2024.01.23"]
[Round "11"]
[White "Crazy_girl99"]
[Black "Kotlyar_K"]
[Result "1-0"]
[WhiteElo "2601"]
[BlackElo "2495"]
[TimeControl "180+1"]
[EndTime "10:08:04 PST"]
[Termination "Crazy_girl99 won by resignation"]

1. e4 e5 2. Nf3 Nc6 3. Bb5 a6 4. Ba4 Nf6 5. O-O Be7 6. Re1 b5 7. Bb3 O-O 8. a4 b4 9. d3 a5 10. Nbd2 d6 11. h3 Be6 12. Nc4 Nd7 13.
c3 Nc5 14. Bc2 Bxc4 15. dxc4 Rb8 16. Be3 b3 17. Bb1 Qc8 18. Nd2 Qb7 19. Ra3 Ne6 20.
Rxb3 Qa6 21. Rxb8 Rxb8 22. b3 Nc5 23. Bc2 Qc8 24. Qf3 Bf6 25. Rd1 Ne7 26. Bxc5 dxc5 27. Nf1 Qe6 28. Ne3 g6 29. Nd5 Bg7 30. Nxc7 Qc8 31.
Nb5 Nc6 32. Rd6 Bf8 33. Rd5 Qe6 34. Bd1 Rd8 35. Qd3 Qc8 36. Bg4 Qb8 37. Rxd8 Nxd8 38.
Qd7 Nb7 39. Nc7 Nd6 40. Nd5 Qxb3 41. Qd8 Kg7 42. Qf6+ Kg8 43. Qxe5 Qxc4 44. Nf6+ Kh8 45. Ne8+ Kg8 46. Nxd6 Bxd6 47. Qxd6 Qxc3 48. e5 Qa1+ 49. Kh2 Qxa4 50. e6 Qe8 51. e7 Kg7 52. Qd8 Qa4 53. e8=Q Qf4+ 54. Kg1 Qc1+ 55. Bd1 Qf4 56. Qd5 a4 57.
Qee5+ Qxe5 58. Qxe5+ 1-0

[Event "Early-Titled-Tuesday-Blitz-January-23-2024"]
[Site "Chess.com"]
[Date "2024.01.23"]
[Round "11"]
[White "WhiteKnight2612"]
[Black "CarlosjPineror"]
[Result "1-0"]
[WhiteElo "2860"]
[BlackElo "2607"]
[TimeControl "180+1"]
[EndTime "10:08:05 PST"]
[Termination "WhiteKnight2612 won by resignation"]

1. e4 c5 2. Nf3 e6 3. d4 cxd4 4. Nxd4 a6 5. c4 Qc7 6. Nc3 Nf6 7. Be2 b6 8. O-O Bb7 9. Bf3 d6 10. Re1 Nbd7 11. Bg5 Be7 12. Rc1 Rc8 13. g3 O-O 14. Bg2 h6 15. Bf4 Ne5 16. b3 Rfd8 17. Qe2 Ng6 18. Be3 Ne5 19. h3 Ned7 20. f4 Nc5 21. Bf2 Ncd7 22. Kh2 Qb8 23. f5 e5 24. Nc2 Nc5 25. Nb4 a5 26. Nbd5 Bxd5 27. exd5 Re8 28. g4 Nh7 29. Ne4 Qc7 30. Rc3 Qd8 31. a4 Bh4 32. Bxh4 Qxh4 33. Nxd6 e4 34. Rg3 Rcd8 35.
Nxe8 Rxe8 36. d6 Ng5 37. Rd1 Nh7 38. d7 Rd8 39. Bxe4 Qe7 40. Bf3 Qxe2+ 41. Bxe2 Nf6 42.
Re3 Nfxd7 43. Bf3 Rc8 44. Rd6 Kf8 45. Bc6 Nf6 46. Bb5 Rb8 47. Rd4 Ng8 48. Kg3 Nf6 49. Kf4 g5+ 50. fxg6 Ne6+ 51. Rxe6 fxe6 52. Rd6 Ke7 53. Ke5 Ng8 54. Rxe6+ Kf8 55. h4 Kg7 56. h5 Rd8 57. Rd6 Rxd6 58. Kxd6 Nf6 59. Bd7 Ne4+ 60. Kc6 Nc5 61. Bf5 Nxb3 62. Kxb6 Kf6 63. c5 Nd4 64. c6 1-0

[Event "Early-Titled-Tuesday-Blitz-January-23-2024"]
[Site "Chess.com"]
[Date "2024.01.23"]
[Round "11"]
[White "ValentunHulka"]
[Black "hakanazeri2"]
[Result "1-0"]
[WhiteElo "2801"]
[BlackElo "2572"]
[TimeControl "180+1"]
[EndTime "10:08:05 PST"]
[Termination "ValentunHulka won on time"]

1. Nc3 c5 2. Nf3 Nc6 3. d4 cxd4 4. Nxd4 Nf6 5. Bg5 e6 6. Qd3 h6 7. Bh4 d5 8. e4 dxe4 9. Nxc6 Qxd3 10. cxd3 bxc6 11.
dxe4 Bb4 12. f3 Rb8 13. Kd2 O-O 14. Kc2 Nd7 15. Bc4 Ne5 16. Be2 c5 17. a3 Bxc3 18. Kxc3 Nc6 19. Rhd1 Nd4 20. Bc4 Bd7 21. Be7 Rfc8 22.
Bxc5 Nb5+ 23. Bxb5 Rxc5+ 24. Bc4 Ba4 25. Kd4 Rxc4+ 26.
Kxc4 Bxd1 27. Rxd1 Rxb2 28. Rd8+ Kh7 29. Rd7 Rxg2 30. Rxf7 Rxh2 31. Rxa7 h5 32. Re7 h4 33. Rxe6 h3 34. Re5 Kg6 35. Re8 Rc2+ 36. Kd3 Ra2 37. Ke3 h2 38. Rh8 Kg5 39. a4 Ra3+ 40.
Kf2 Rxa4 41. Kg3 Ra2 42. f4+ Kf6 43. Rxh2 Ra3+ 44. Kg4 g6 45. Rc2 Ra1 46. Rc6+ Kg7 47. Rc7+ Kf6 48. e5+ Ke6 49. Kg5 Rg1+ 50. Kh6 Rg4 51.
Rc6+ Ke7 52. Rf6 Rg3 53. Rxg6 1-0

[Event "Early-Titled-Tuesday-Blitz-January-23-2024"]
[Site "Chess.com"]
[Date "2024.01.23"]
[Round "11"]
[White "DDTerziev04"]
[Black "sergeikim"]
[Result "1-0"]
[WhiteElo "2260"]
[BlackElo "2504"]
[TimeControl "180+1"]
[EndTime "10:08:05 PST"]
[Termination "DDTerziev04 won on time"]

1. e4 e5 2. Nf3 Nc6 3. Bc4 Bc5 4.
O-O Nf6 5. d3 d6 6. c3 a6 7. Bb3 Ba7 8. Nbd2 O-O 9. h3 Nh5 10.
d4 Nf4 11. dxe5 dxe5 12. Nc4 Qf6 13. Bxf4 Qxf4 14. Qe2 Be6 15. Rad1 Rad8 16. Ncd2 Ne7 17. Bxe6 fxe6 18. Nc4 Ng6 19. Rxd8 Rxd8 20. Rd1 Rf8 21.
Rd7 b5 22. Na5 Bb6 23. Nc6 Qf6 24. Qd2 h6 25. Rd8 Rxd8 26. Qxd8+ Kh7 27. Qd7 Qf4 28. Qxe6 Qc1+ 29. Kh2 Bxf2 30. Qg4 Be3 31. h4 Bf4+ 32. g3 Qxb2+ 33. Kh3 Qxc3 34. h5 Qxc6 35. hxg6+ Qxg6 36. gxf4 exf4 37. Qxg6+ Kxg6 38. Kg4 c5 39. Kxf4 c4 40. e5 Kf7 41. Nd4 g5+ 42. Kf5 c3 43. a3 a5 44. e6+ Ke8 45. Ke5 1-0

[Event "Early-Titled-Tuesday-Blitz-January-23-2024"]
[Site "Chess.com"]
[Date "2024.01.23"]
[Round "11"]
[White "Njal28"]
[Black "bangchess21"]
[Result "1-0"]
[WhiteElo "3038"]
[BlackElo "2798"]
[TimeControl "180+1"]
[EndTime "10:08:07 PST"]
[Termination "Njal28 won by resignation"]

1. d4 Nf6 2. c4 e6 3. Nc3 d5 4. Bg5 Be7 5. e3 O-O 6. Nf3 h6 7. Bxf6 Bxf6 8. Rc1 a6 9. a3 Nc6 10. Be2 dxc4 11. Bxc4 e5 12. d5 Ne7 13. O-O Nf5 14.
Bd3 Nd6 15. Qc2 Bg4 16. Nd2 Rc8 17. h3 Bd7 18. Nde4 Be7 19. Nc5 c6 20. Nxd7 Qxd7 21.
dxc6 Rxc6 22. Rfd1 Qe6 23. Qe2 e4 24. Bb1 Bf6 25. Ba2 Qc8 26. Qh5 Bxc3 27. Rxc3 Rxc3 28. bxc3 Qxc3 29. a4 Ne8 30. Qd5 Nf6 31. Qxb7 Qc2 32. Bb3 Qc3 33. Qb6 a5 34. Rd8 Qe1+ 35. Kh2 Qxf2 36.
Rxf8+ Kxf8 37. Qxa5 Qxe3 38. Qb4+ Kg8 39. Qb8+ Kh7 40.
Bxf7 Qa3 41. Qg3 Qxa4 42. Bg6+ Kg8 43. Qb8+ Ne8 44. Qxe8+ Qxe8 45. Bxe8 Kf8 46. Bc6 Ke7 47. Bxe4 1-0

[Event "Early-Titled-Tuesday-Blitz-January-23-2024"]
[Site "Chess.com"]
[Date "2024.01.23"]
[Round "11"]
[White "OneTrickPony_82"]
[Black "KorolDimitriy75"]
[Result "1-0"]
[WhiteElo "2499"]
[BlackElo "2360"]
[TimeControl "180+1"]
[EndTime "10:08:07 PST"]
[Termination "OneTrickPony_82 won on time"]

1. d4 Nf6 2. c4 c5 3. d5 b5 4.
cxb5 a6 5. bxa6 g6 6. a7 Rxa7 7.
Nc3 Ba6 8. e4 Bxf1 9. Kxf1 d6 10. g3 Bg7 11. Kg2 O-O 12. Nf3 Nbd7 13. a4 Qa8 14.
Re1 Rb8 15. Ra3 Ne8 16. Nb5 Rab7 17. Qc2 Nc7 18. Nxc7 Rxc7 19. Nd2 Qa6 20. b3 Ne5 21. h3 Nd3 22. Re3 Nb4 23. Qd1 Bd4 24. Rf3 Nd3 25.
Nc4 Ne5 26. Nxe5 Bxe5 27. Bd2 Rcb7 28. Qf1 Qa7 29. Qc4 Kg7 30. a5 Rb5 31. a6 h5 32.
Bc3 Bxc3 33. Rxc3 f6 34. Rc2 Rb4 35. Qd3 Rd4 36. Qe3 Rbb4 37. f3 Rb6 38. Rca2 Rdb4 39. h4 Rd4 40. Kh3 Rdb4 41. g4 hxg4+ 42. fxg4 Rd4 43. h5 Rbb4 44. h6+ Kh7 45. Qf3 Rxe4 46. Re2 Rxg4 47. Ra1 Rh4+ 48. Kg3 Qd7 49. Rh2 1-0

[Event "Early-Titled-Tuesday-Blitz-January-23-2024"]
[Site "Chess.com"]
[Date "2024.01.23"]
[Round "11"]
[White "NewYearGirl"]
[Black "only_strong_moves"]
[Result "1-0"]
[WhiteElo "2386"]
[BlackElo "2573"]
[TimeControl "180+1"]
[EndTime "10:08:08 PST"]
[Termination "NewYearGirl won by checkmate"]

1. e4 a6 2. d4 g6 3. f4 Bg7 4. Nc3 c5 5. dxc5 Qa5 6. Bd2 Qxc5 7. Nf3 Nc6 8. Nd5 Nd4 9. Nxd4 Bxd4 10. Qf3 e6 11. c3 Bg7 12. Be3 Qc6 13. Nb6 Rb8 14.
e5 d5 15. exd6 Qxd6 16. Rd1 Qc6 17. Nc4 Qxf3 18. Nd6+ Kf8 19. gxf3 Bd7 20. Nxf7 Bc6 21. Nxh8 Bxf3 22. Rd7 Bxh8 23. Rg1 Bc6 24. Rxh7 Bf6 25.
f5 exf5 26. Rxg6 Re8 27. Kf2 Re6 28. Kg1 Rxe3 29. Bc4 Ne7 30. Rxf6+ Ke8 31. Be6 Kd8 32.
Rf8+ Be8 33. Rhh8 Rxe6 34. Rxe8+ Kd7 35. Rb8 Rb6 36. Rh7 Rxb2 37. h4 Ke6 38. Re8 Rb1+ 39. Kh2 Rb2+ 40. Kg3 f4+ 41. Kxf4 Rf2+ 42. Kg3 Rf7 43.
Rxf7 Kxf7 44. Rb8 b5 45. h5 Nf5+ 46. Kg4 Ne7 47. Rb7 Kf6 48. h6 Nc6 49. Rb6 Kg6 50. Rxc6+ Kh7 51. Rxa6 b4 52. Rb6 Kh8 53. Rxb4 Kh7 54.
Rb6 Kh8 55. Kg5 Kh7 56. Rc6 Kh8 57. Kg6 Kg8 58. Rc8# 1-0

[Event "Early-Titled-Tuesday-Blitz-January-23-2024"]
[Site "Chess.com"]
[Date "2024.01.23"]
[Round "11"]
[White "tusplingher"]
[Black "TregubovP"]
[Result "0-1"]
[WhiteElo "2513"]
[BlackElo "2686"]
[TimeControl "180+1"]
[EndTime "10:08:10 PST"]
[Termination "TregubovP won by checkmate"]

1. e4 c5 2. Nf3 e6 3. d4 cxd4 4. Nxd4 Nf6 5. Nc3 Nc6 6. Ndb5 Bb4 7. Bf4 O-O 8. Bc7 Qe7 9. Bd6 Bxd6 10. Qxd6 Qd8 11. Qc7 d5 12. Qxd8 Rxd8 13. exd5 exd5 14. O-O-O d4 15. Ne2 Ne4 16. Rg1 Nxf2 17. Rd2 Ne4 18.
Rd1 Bg4 19. h3 Bxe2 20. Bxe2 a6 21. Na3 b5 22. Bf3 Re8 23. Rde1 f5 24. g4 Ne5 25. Bxe4 fxe4 26. Rxe4 Nf3 27. Rxe8+ Rxe8 28. Rf1 Re3 29. Nb1 g5 30. Nd2 Ne5 31. Kd1 Rxh3 32. Rf5 Nf7 33. Rd5 Rg3 34. Rxd4 Kg7 35. Nf1 Rg2 36.
Ne3 Rg1+ 37. Ke2 Ne5 38. Nf5+ Kf6 39. Rd6+ Kf7 40. Rxa6 Nxg4 41. Nd6+ Ke6 42. Nxb5+ Ke5 43. Nc3 h5 44. Ra5+ Kf4 45. Nd5+ Kg3 46. Nc3 Rg2+ 47.
Ke1 h4 48. Ne4+ Kf4 49. Nxg5 Ne3 50. Ne6+ Ke4 51. Nc5+ Kf3 52. Nd3 Re2# 0-1

[Event "Early-Titled-Tuesday-Blitz-January-23-2024"]
[Site "Chess.com"]
[Date "2024.01.23"]
[Round "11"]
[White "AttilaTurzo"]
[Black "RodokininEV"]
[Result "0-1"]
[WhiteElo "2498"]
[BlackElo "2605"]
[TimeControl "180+1"]
[EndTime "10:08:10 PST"]
[Termination "RodokininEV won on time"]

1. d4 Nf6 2. Bf4 h5 3. Nd2 e6 4. e4 c5 5. c3 Nc6 6. Ngf3 d5 7. e5 Nd7 8. Bd3 Qb6 9. Be3 Ne7 10. Rb1 Nf5 11.
O-O Be7 12. Bxf5 exf5 13. dxc5 Bxc5 14. Bxc5 Nxc5 15. Nd4 f4 16. Qf3 g5 17. Qxd5 Be6 18.
Nxe6 fxe6 19. Qc4 O-O 20. Ne4 Nxe4 21. Qxe4 Rf5 22. b3 Raf8 23. Rbd1 Qc5 24. Qxb7 f3 25. g3 Qxe5 26. Rfe1 Qf6 27. Qxa7 h4 28. Qa6 Re5 29. Qc4 Rf7 30. Qd4 Rxe1+ 31. Rxe1 Qf5 32. Qe4 hxg3 33. Qxf5 gxh2+ 34. Kxh2 exf5 35. Kg3 g4 36. a4 Rc7 37. c4 Kg7 38. a5 Kf6 39. Kf4 Rd7 40. Ra1 Rd4+ 41.
Kg3 Kg5 42. a6 f4+ 43. Kh2 g3+ 44. fxg3 Rd2+ 45. Kh3 Rd8 46. gxf4+ Kxf4 47. Kh2 Rd2+ 48. Kg1 Kg3 49. a7 Rg2+ 50. Kf1 Rh2 0-1

[Event "Early-Titled-Tuesday-Blitz-January-23-2024"]
[Site "Chess.com"]
[Date "2024.01.23"]
[Round "11"]
[White "crazy_m_attack"]
[Black "KevinGeorgeMicheal"]
[Result "0-1"]
[WhiteElo "2436"]
[BlackElo "2360"]
[TimeControl "180+1"]
[EndTime "10:08:10 PST"]
[Termination "KevinGeorgeMicheal won on time"]

1. e4 e5 2. Nf3 Nc6 3. Bb5 a6 4.
Ba4 Nf6 5. O-O d6 6. c3 b5 7. Bb3 Be7 8. d4 O-O 9. h3 Bb7 10. Re1 Re8 11. Ng5 Rf8 12. Qd3 Na5 13. Bc2 c5 14. Nf3 cxd4 15. cxd4 Nd7 16. Nc3 Rc8 17.
Nd5 Nc4 18. b3 Ncb6 19. Nxe7+ Qxe7 20. Ba3 Rfd8 21. Rad1 exd4 22. Nxd4 Nc5 23. Qg3 Qe5 24. f4 Qf6 25. Bb2 Qg6 26. Qf2 Nxe4 27. Bxe4 Bxe4 28. f5 Qh5 29. g4 Qxh3 30. Rxe4 d5 31. Rf4 Re8 32. Nf3 Rc2 33. Qxc2 Qg3+ 34. Qg2 Qxf4 35. Bd4 Nd7 36. Bf2 Nf6 37. g5 Ne4 38. Bd4 Qxf5 39. Rf1 Qe6 40. Ne5 Rf8 41. Qg4 Qe7 42. Qf5 Nd6 43. Qf4 Ne4 44. Re1 Nxg5 0-1

[Event "Early-Titled-Tuesday-Blitz-January-23-2024"]
[Site "Chess.com"]
[Date "2024.01.23"]
[Round "11"]
[White "GMKrikor"]
[Black "Alexei_Gubajdullin"]
[Result "0-1"]
[WhiteElo "2777"]
[BlackElo "2599"]
[TimeControl "180+1"]
[EndTime "10:08:11 PST"]
[Termination "Alexei_Gubajdullin won on time"]

1. Nf3 Nf6 2. c4 c6 3. d4 d5 4.
Nc3 dxc4 5. a4 Bf5 6. Nh4 Bc8 7. e3 g6 8. Bxc4 Bg7 9. O-O O-O 10. Nf3 c5 11. d5 Bg4 12. h3 Bxf3 13. Qxf3 Na6 14.
Rd1 Nb4 15. Qe2 Nd7 16. a5 b6 17. a6 Kh8 18. Bb5 Qc7 19. e4 Rad8 20. Bg5 Bf6 21.
Bxf6+ Nxf6 22. e5 Nfxd5 23. e6 Nf4 24. Qe4 Nxe6 25. Bc4 Rxd1+ 26. Rxd1 Nd4 27. Re1 e6 28. h4 h5 29. Re3 Nbc2 30. Rg3 Kg7 31. Bd3 Nb4 32.
Bc4 Qe7 33. Qe5+ Kh7 34. Ne4 f6 35. Qf4 e5 36. Qc1 b5 37. Bf1 c4 38. Kh1 Nd3 39.
Bxd3 cxd3 40. Rxd3 b4 41. Rd1 Kg7 42. Qe3 Qe6 43.
Kh2 Qxa6 44. Rc1 Rf7 45. Nc5 Qd6 46. Ne4 Qe6 47. Ra1 Qf5 48. g3 Qg4 49. Kg2 Qd7 50. Ra6 Qb7 51. Qd3 f5 0-1

[Event "Early-Titled-Tuesday-Blitz-January-23-2024"]
[Site "Chess.com"]
[Date "2024.01.23"]
[Round "11"]
[White "baki83"]
[Black "karinachess1"]
[Result "1/2-1/2"]
[WhiteElo "2828"]
[BlackElo "2631"]
[TimeControl "180+1"]
[EndTime "10:08:12 PST"]
[Termination "Game drawn - insufficient material"]

1. e4 e5 2. Nf3 Nc6 3. Bc4 Nf6 4. d3 h6 5. Nc3 d6 6. a4 g5 7. Be3 Bg7 8. Nd5 Be6 9. c3 Qd7 10. Qb3 Na5 11. Nxf6+ Bxf6 12. Bxe6 fxe6 13. Qb5 b6 14.
b4 Nc6 15. Qa6 O-O 16. O-O d5 17. h3 Bg7 18. a5 Ne7 19. axb6 cxb6 20. Qa4 Qc7 21.
Qb3 Qd7 22. Rfd1 Ng6 23. d4 dxe4 24. Nxe5 Bxe5 25. dxe5 Qf7 26. Rd6 Rfe8 27. Bd4 Nf4 28. Qc2 Qf5 29. Re1 Nd3 30. Re2 Rf8 31. Qa2 Rfe8 32.
Qd2 Rf8 33. Qe3 Nxe5 34. Qxe4 Qxe4 35. Rxe4 Nc4 36. Rd7 Rf7 37. Rxf7 Kxf7 38. h4 a5 39. hxg5 hxg5 40. bxa5 bxa5 41. Bc5 Nd2 42. Ra4 Nb3 43. Bb6 Ke8 44. c4 Kd7 45. c5 Kc6 46. g3 Nxc5 47. Rxa5 Rxa5 48. Bxa5 Ne4 49. g4 Kd5 50. Kg2 e5 51. f3 Nf6 52. Bd2 e4 53. Bxg5 exf3+ 54.
Kxf3 Nxg4 1/2-1/2

[Event "Early-Titled-Tuesday-Blitz-January-23-2024"]
[Site "Chess.com"]
[Date "2024.01.23"]
[Round "11"]
[White "Arystanner"]
[Black "BogdanDeac"]
[Result "0-1"]
[WhiteElo "2787"]
[BlackElo "3063"]
[TimeControl "180+1"]
[EndTime "10:08:13 PST"]
[Termination "BogdanDeac won by resignation"]

1. e4 e5 2. Nf3 Nc6 3. Bb5 a6 4. Ba4 Nf6 5. d3 d6 6. c4 g6 7. Nc3 Bg7 8. Nd5 h6 9. Nb4 Bd7 10.
Nxc6 bxc6 11. O-O O-O 12. c5 Nh7 13. Re1 f5 14. h3 Kh8 15. Bd2 Nf6 16. Ba5 Qb8 17.
b3 Re8 18. Rc1 Qb7 19. Qc2 Rac8 20. Nh4 Kh7 21. exf5 gxf5 22. d4 e4 23. Rcd1 d5 24. Bd2 Rf8 25. Bf4 Nh5 26. Be5 Bxe5 27. dxe5 Rce8 28.
Rxd5 cxd5 29. Bxd7 Rxe5 30. Qc3 c6 31. Qxe5 Qxd7 32.
Rd1 Ng7 33. g3 Re8 34. Qf6 Re6 35. Qf8 Re8 36. Qf6 Qe6 37. Qd4 f4 38. Kh2 fxg3+ 39. fxg3 Rf8 40. Rd2 Rf1 41. Rf2 Rxf2+ 42. Qxf2 e3 43.
Qc2+ Kg8 44. Qe2 d4 45. Ng2 Qe4 46. Nf4 Nf5 47. Qg4+ Kf8 48. Qg6 Qc2+ 49. Kg1 Qf2+ 50. Kh1 Nxg3+ 0-1

[Event "Early-Titled-Tuesday-Blitz-January-23-2024"]
[Site "Chess.com"]
[Date "2024.01.23"]
[Round "11"]
[White "tigurones"]
[Black "MikaelyanArman"]
[Result "1/2-1/2"]
[WhiteElo "2502"]
[BlackElo "2841"]
[TimeControl "180+1"]
[EndTime "10:08:13 PST"]
[Termination "Game drawn by repetition"]

1. d4 Nf6 2. Nf3 d6 3. c4 Bg4 4. g3 Bxf3 5. exf3 g6 6. Bg2 Bg7 7. O-O O-O 8. f4 c6 9. Nc3 Nbd7 10. Re1 Re8 11. b3 e6 12. Bb2 d5 13. c5 h5 14. Ne2 Ne4 15. Bxe4 dxe4 16. Nc3 f5 17. Qd2 Nxc5 18. Ne2 Nd3 19. Red1 c5 20. Nc1 Nxb2 21. Qxb2 cxd4 22. Rb1 d3 23. Qa3 Qb6 24. b4 Rac8 25. Nb3 Rc2 26. Rd2 Rec8 27. Rxc2 dxc2 28. Rc1 Rc3 29. Qa4 e3 30. Nc5 e2 31. Qe8+ Kh7 32. Nxe6 h4 33. Ng5+ Kh6 34. Qg8 Kh5 35. Qh7+ Bh6 36.
Nf7 g5 37. Qxf5 hxg3 38. Qh3+ Kg6 39. Ne5+ Kg7 40. Qd7+ Kh8 41. Qe8+ Kh7 42. Qf7+ Bg7 43. Qf5+ Kg8 44. Qf7+ Kh7 45. Qf5+ Kh8 46. Ng6+ Kg8 47. Ne7+ Kh8 48. Ng6+ Kh7 49. Ne7+ Kh8 50. Ng6+ 1/2-1/2

[Event "Early-Titled-Tuesday-Blitz-January-23-2024"]
[Site "Chess.com"]
[Date "2024.01.23"]
[Round "11"]
[White "Glidzhian_Gor"]
[Black "Egorov_Pavel"]
[Result "1-0"]
[WhiteElo "2577"]
[BlackElo "2487"]
[TimeControl "180+1"]
[EndTime "10:08:13 PST"]
[Termination "Glidzhian_Gor won by checkmate"]

1. e4 c5 2. d4 cxd4 3. c3 Nf6 4.
e5 Nd5 5. Nf3 Nc6 6. cxd4 d6 7.
Nc3 dxe5 8. dxe5 Be6 9. Nxd5 Qxd5 10. Be2 Qxd1+ 11. Bxd1 g6 12. O-O Bg7 13. Bf4 O-O 14.
Ba4 Bd5 15. Bxc6 Bxc6 16. Nd4 Bd5 17. Rfd1 a6 18. Bg3 e6 19. f4 Rac8 20. Rac1 h6 21. Bf2 Rfd8 22. a3 g5 23. g3 Bf8 24. Be3 gxf4 25. gxf4 Kh7 26. Kf2 Be7 27. Ne2 Rg8 28.
Rxc8 Rxc8 29. Nc3 Bh4+ 30. Ke2 Bc4+ 31. Kf3 b5 32. Kg4 Bd8 33. Rd7 Kg6 34. Rd6 h5+ 35.
Kg3 Kf5 36. Rd7 h4+ 37. Kf2 f6 38. Rf7 a5 39. Bd4 b4 40. Nd1 Kxf4 41. exf6 Ke4 42. Rd7 Bb5 43. f7 Bxd7 44. f8=Q Kxd4 45. Qd6+ Ke4 46.
Qxd7 Bb6+ 47. Ke1 Rg8 48. Qxe6+ Kd3 49. Qxg8 Bd4 50. Qd5 bxa3 51. bxa3 a4 52. h3 Kc2 53. Qxd4 Kb1 54. Qb2# 1-0

[Event "Early-Titled-Tuesday-Blitz-January-23-2024"]
[Site "Chess.com"]
[Date "2024.01.23"]
[Round "11"]
[White "FREZZY23"]
[Black "CSB7"]
[Result "1/2-1/2"]
[WhiteElo "2516"]
[BlackElo "2732"]
[TimeControl "180+1"]
[EndTime "10:08:14 PST"]
[Termination "Game drawn - insufficient material"]

1. Nf3 Nf6 2. g3 d5 3. Bg2 c6 4. O-O Bf5 5. d4 e6 6. c4 h6 7.
Nc3 Nbd7 8. Qb3 Qb6 9. c5 Qc7 10. Bf4 Qc8 11. Nd2 Be7 12. Bd6 Bxd6 13. cxd6 Qb8 14. Qa3 O-O 15. f3 e5 16. dxe5 Nxe5 17.
e4 dxe4 18. fxe4 Bg6 19. Rad1 Rd8 20. Nb3 Ne8 21. Qc5 Rxd6 22. Rxd6 Qxd6 23. Rd1 Qxc5+ 24.
Nxc5 Nf6 25. Nxb7 Rb8 26. Rd8+ Rxd8 27. Nxd8 Kf8 28. h3 Ke7 29. Nb7 Ne8 30. Kf2 Nd3+ 31.
Ke3 Nxb2 32. Bf1 Nd6 33. Na5 f6 34. Nxc6+ Kd7 35. Na5 Kc7 36. Nd5+ Kd7 37. Nc3 Kc7 38. Kd4 Kb6 39. Nb3 Bf7 40. Nd5+ Bxd5 41. Kxd5 Nb5 42. Ke6 Nc3 43. Bg2 Nxa2 44. Kf7 a5 45. Nxa5 Kxa5 46. Kxg7 Nc3 47. Kxf6 Kb6 48. Kg6 Nc4 49. Kxh6 Kc7 50. Kg5 Kd6 51. h4 Ne5 52. h5 Ke7 53. Kf5 Nf7 54. g4 Ne2 55. g5 Nd4+ 56. Kg6 Ne6 57. h6 Nfxg5 58. h7 Nxh7 59. Kxh7 Ng5+ 60. Kg6 Nxe4 1/2-1/2

[Event "Early-Titled-Tuesday-Blitz-January-23-2024"]
[Site "Chess.com"]
[Date "2024.01.23"]
[Round "11"]
[White "kai_nov"]
[Black "HajiyevKanan"]
[Result "0-1"]
[WhiteElo "2289"]
[BlackElo "2560"]
[TimeControl "180+1"]
[EndTime "10:08:14 PST"]
[Termination "HajiyevKanan won on time"]

1. d4 d5 2. Nc3 c6 3. Nf3 Nf6 4. Bg5 Ne4 5. e3 Nxg5 6. Nxg5 e5 7.
Nf3 e4 8. Nd2 a5 9. Be2 a4 10.
O-O a3 11. bxa3 Bxa3 12. Rb1 O-O 13. f3 exf3 14. Nxf3 Qe7 15. Qd2 Bb4 16. Bd3 Re8 17. Rfe1 Rxa2 18. Nxd5 Bxd2 19. Nxe7+ Rxe7 20. Nxd2 Be6 21. Nb3 Bxb3 22. Rxb3 g6 23. e4 Ra7 24. Kf2 Nd7 25. c4 c5 26. d5 Ne5 27. h3 b5 28.
Rc1 b4 29. Ke3 g5 30. Be2 Ra2 31. g4 Rea7 32. d6 R7a3 33. Rxa3 Rxa3+ 34. Kf2 Kf8 35. Rd1 Nd7 36. Rd5 f6 37. Bd3 Ra7 38. Bc2 Kf7 39.
Ke3 Ke6 40. Kd2 Ra6 41. Bb3 Rxd6 42. Rxd6+ Kxd6 43. Ke3 Ke5 44. Ba4 Nb6 45. Bb5 h6 46.
Kd3 Kf4 47. Bc6 Kg3 48. Bd5 Kxh3 49. Be6 Kg3 50. Bf5 Kf4 51. Be6 Ke5 52. Bf5 Na4 53. Kc2 Nc3 54. Kd3 Nd1 55. Kc2 Nf2 56. Kd2 Nxe4+ 57. Ke3 Nd6 58. Bd3 f5 0-1